 Dungeon Crawl Stone Soup version 0.28.0-47-ge53b351184 (webtiles) character file.

Game seed: 14134002581773836698

56 KamiKatze the Conjurer (level 3, -3/21 HPs)
             Began as an Octopode Conjurer on May 10, 2022.
             Slain by Terence
             ... wielding a +0 falchion
              (5 damage)
             ... on level 3 of the Dungeon.
             The game lasted 00:05:49 (1410 turns).

KamiKatze the Conjurer (Octopode Conjurer)          Turns: 1410, Time: 00:05:49

Health: -3/21      AC:  1    Str:  6    XL:     3   Next: 97%
Magic:  1/6        EV: 17    Int: 22    God:
Gold:   51         SH:  0    Dex: 10    Spells: 4/7 levels left

rFire   . . .      SeeInvis .   a - +0 spear
rCold   . . .      Faith    .   (no shield)
rNeg    . . .      Spirit   .   (helmet restricted)
rPois   .          Reflect  .   (no amulet)
rElec   .          Harm     .   c - +4 ring of evasion
rCorr   .          Rampage  .   (no ring)
Will    .....                   (no ring)
Stlth   +++.......              (no ring)
HPRegen 0.07/turn               (no ring)
MPRegen 0.10/turn               (no ring)
                                (no ring)
                                (no ring)

@: no status effects
A: almost no armour, amphibious, 8 rings, camouflage 1, gelatinous body 1,
(nimble swimmer 1), tentacles
a: no special abilities


You were on level 3 of the Dungeon.
You visited 1 branch of the dungeon, and saw 3 of its levels.

You collected 51 gold pieces.

Inventory:

Hand Weapons
 a - a +0 spear (weapon)
 b - a +0 short sword
Jewellery
 c - a +4 ring of evasion (left tentacle)
Scrolls
 d - a scroll of magic mapping {unknown}


   Skills:
 + Level 2.2 Dodging
 - Level 3.0 Stealth
 * Level 2.5 Spellcasting
 * Level 4.3 Conjurations
 * Level 1.2 Hexes
 * Level 1.3 Translocations


You had 4 spell levels left.
You knew the following spells:

 Your Spells              Type           Power      Damage    Failure   Level
a - Magic Dart            Conj           84%        1d7       2%          1
b - Searing Ray           Conj           42%        2d6       3%          2

Your spell library contained the following spells:

 Spells                   Type           Power      Damage    Failure   Level
 Dazzling Flash           Conj/Hex       28%        N/A       13%         3
 Fulminant Prism          Conj/Hex       7%         3d7       38%         4
 Iskenderun's Mystic Bla  Conj/Tloc      15%        2d5       38%         4


Dungeon Overview and Level Annotations

Branches:
Dungeon (3/15)

Altars:
Kikubaaqudgha
Okawaru

Annotations:
D:2 Sigmund
D:3 Terence


Innate Abilities, Weirdness & Mutations

You cannot wear most types of armour.
You are amphibious.
You can wear up to eight rings at the same time.
Your skin changes colour to match your surroundings (Stealth+).
Your rubbery body absorbs attacks. (AC +1, EV +1)
((You are camouflaged when in or above water. (Stealth+)))
You have tentacles for arms and can constrict up to eight enemies at once.


Message History

Press: ? - help, Shift-Dir - straight line, f/p - Terence
Aim: Terence, wielding a +0 falchion and wearing a +0 chain mail (moderately wounded, 84% to hit)
The searing ray hits Terence but does no damage.
Terence is moderately wounded. (Press . to maintain the ray.) Without enough magic to sustain it, your searing ray dissipates.
Terence hits you with a +0 falchion. Terence barely misses you.
Terence hits you with a +0 falchion!
Ouch! That really hurt!
* * * LOW HITPOINT WARNING * * *
Terence asks, "Do you want it fast or slow?"
Terence shouts, "Get ready for death!"
A kobold comes into view.
It is wielding a +0 dagger and carrying a wand of acid (8).
A kobold opens the door.
Unknown command.
Terence screams, "I'm going to kill you!"
Terence shouts, "Now you die!"
Terence says, "You're history."
Casting: Searing Ray (safe; 3% risk of failure)
Confirm with . or Enter, or press ? or * to list all spells.
Aiming: Searing Ray (safe; 3% risk of failure)
Press: ? - help, Shift-Dir - straight line, f/p - Terence
Aim: Terence, wielding a +0 falchion and wearing a +0 chain mail (lightly wounded, 84% to hit)
The searing ray hits Terence but does no damage.
Terence is lightly wounded. (Press . to maintain the ray.) Terence closely misses you.
The searing ray hits Terence.
Terence is moderately wounded.
Terence misses you.
The searing ray hits Terence but does no damage.
Terence is moderately wounded.
Terence hits you with a +0 falchion!
* * * LOW HITPOINT WARNING * * *
Unknown command.
Without enough magic to sustain it, your searing ray dissipates.
Terence barely misses you. Terence hits you with a +0 falchion.
You die...

#..+⌠.....[⌠'.....#
#..#.._.._..#.....#
#..#⌠...$..⌠#...†.#
#..##########.....#
#..###$$$$###.#.#..
#..##.....S##.#.#.#
#...##....##....#.#
#....#8..8#.....#.#
#.@@..........#.#.#
#....##########.#..
###### #.### #..
###


You could see Terence.

Vanquished Creatures
  2 adders
  2 worms (D:3)
  A dart slug (D:1)
  An orc (D:3)
  2 bats (D:1)
  3 endoplasms
  2 giant cockroaches
  2 goblins
  3 hobgoblins
  2 kobolds (D:1)
  4 ball pythons
  4 frilled lizards
  3 rats
31 creatures vanquished.

Notes
Turn   | Place    | Note
-------+----------+-------------------------------------------
     0 | D:1      | KamiKatze the Octopode Conjurer began the quest for the
                  | Orb.
     0 | D:1      | Reached XP level 1. HP: 11/11 MP: 3/3
   125 | D:1      | Reached XP level 2. HP: 17/17 MP: 1/5
   128 | D:1      | Learned a level 2 spell: Searing Ray
   739 | D:2      | Reached skill level 1 in Hexes
   739 | D:2      | Reached skill level 1 in Translocations
   739 | D:2      | Reached XP level 3. HP: 21/21 MP: 0/6
   944 | D:2      | Noticed Sigmund
  1041 | D:3      | Found a faded altar of an unknown god.
  1096 | D:3      | Found an ancient bone altar of Kikubaaqudgha.
  1162 | D:3      | Found an iron altar of Okawaru.
  1260 | D:3      | Noticed Terence
  1410 | D:3      | Slain by Terence

Illustrated notes

Levels and vault maps discovered:
D:1:      dpeg_arrival_lava_altar, layout_loops_ring
D:2:      layout_basic, uniq_jessica, uniq_sigmund
D:3:      layout_basic, jmf_multi_god_temple,
          ebering_ecumenical_altar_sacrificial, uniq_terence

Skill      XL: |  1  2  3 |
---------------+----------+-----
Hexes          | 1 |  1.2
Translocations | 1 |  1.3
Stealth        | 3 |  3.0
Dodging        | |  2.2
Spellcasting   | |  2.5
Conjurations   | |  4.3

Action                   || total
-------------------------++-------
Melee: Spear             ||    17
       Constrict         ||     3
       Punch             ||     1
       Tentacles         ||     1
 Cast: Magic Dart        ||    53
       Searing Ray       ||     7
 Stab: Sleeping          ||     2
Dodge: Dodged            ||    16
